 Dungeon Crawl Stone Soup version 0.30.0-29-ga12c61a403 (webtiles) character file.

Game seed: 3840074310671792377

27992 Graphine the Spear-Bearer (level 13, -9/109 HPs)
             Began as a Merfolk Fighter on June 24, 2023.
             Was a High Priest of Nemelex Xobeh.
             Mangled by Rupert
             ... wielding a +4 heavy battleaxe
              (12 damage)
             ... while petrified by a basilisk
             ... on level 4 of the Lair of Beasts.
             The game lasted 00:37:44 (13167 turns).

Graphine the Spear-Bearer (Merfolk Fighter)        Turns: 13167, Time: 00:37:45

Health: -9/109     AC: 18    Str: 24    XL:     13   Next: 36%
Magic:  22/22      EV:  2    Int:  7    God:    Nemelex Xobeh [*****.]
Gold:   957        SH:  0    Dex: 15    Spells: 12/12 levels left

rFire   . . .        k - +9 trident (freeze)
rCold   + . .        b - +0 tower shield
rNeg    + + +        A - +5 steam dragon scales
rPois   ∞            r - +2 helmet
rElec   .            e - scarf {repulsion}
rCorr   .            h - +2 pair of gloves
SInv    .            U - +1 pair of boots of the Slug {Regen+ Str+4}
Will    .....        C - amulet of reflection
Stlth   +            c - +4 ring of slaying
HPRegen 1.18/turn    v - ring of Pride {rPois rC+}
MPRegen 0.18/turn

%: repel missiles, reflection
@: petrified, studying Fire Magic
A: (nimble swimmer 2), mertail
a: Renounce Religion, Draw Escape, Draw Destruction, Draw Summoning, Triple
Draw, Deal Four, Stack Five


You were on level 4 of the Lair of Beasts.
You worshipped Nemelex Xobeh.
Nemelex Xobeh was extremely pleased with you.
You visited 2 branches of the dungeon, and saw 13 of its levels.
You also visited: Bailey and Gauntlet.

You collected 957 gold pieces.

Inventory:

Hand Weapons
 k - a +9 trident of freezing (weapon)
 I - a +0 glaive
Missiles
 j - 7 curare-tipped darts (quivered)
 l - 7 silver javelins
 W - 6 atropa-tipped darts
Armour
 b - a +0 tower shield (worn)
 e - a scarf of repulsion (worn)
 h - a +2 pair of gloves (worn)
 r - a +2 helmet (worn)
 A - +5 steam dragon scales (worn)
 U - the +1 pair of boots of the Slug (worn) {Regen+ Str+4}
   (You acquired it on level 2 of the Lair of Beasts)

   Str:       It affects your strength (+4).
   Regen:     It increases your rate of health regeneration.
Jewellery
 c - a +4 ring of slaying (left hand)
 m - a ring of positive energy
 v - the ring of Pride (right hand) {rPois rC+}
   (You found it in a Gauntlet)

   [ring of protection from cold]

   rC:        It protects you from cold.
   rPois:     It protects you from poison.
 B - an amulet of guardian spirit
 C - an amulet of reflection (around neck)
 P - a ring of resist corrosion
 R - a ring of see invisible
 Z - a ring of wizardry
Wands
 q - a wand of roots (22)
 x - a wand of acid (15)
 G - a wand of mindburst (11)
 K - a wand of flame (17)
 S - a wand of paralysis (6)
Scrolls
 n - 5 scrolls of teleportation
 u - 3 scrolls of fog
 w - 3 scrolls of amnesia
 y - 3 scrolls of fear
 H - 4 scrolls of magic mapping
 J - 2 scrolls of poison
 L - a scroll of enchant weapon
 V - 2 scrolls of blinking
 X - 2 scrolls of vulnerability
Potions
 a - a potion of resistance
 d - 3 potions of might
 f - 3 potions of invisibility
 g - 6 potions of curing
 i - 5 potions of ambrosia
 o - 2 potions of attraction {unknown}
 s - a potion of brilliance {unknown}
 t - 2 potions of cancellation {unknown}
 z - 5 potions of lignification
 D - 4 potions of magic
 E - 3 potions of haste
 F - 2 potions of mutation {unknown}
 T - a potion of flight {unknown}
Miscellaneous
 M - a tin of tremorstones (2/2)
 Q - a phial of floods
 Y - a phantom mirror


   Skills:
 * Level 12.7 Fighting
 * Level 14.7 Polearms
 - Level 2.1 Armour
 * Level 14.5 Dodging
 - Level 3.0 Shields
 * Level 12.2 Invocations


You had 12 spell levels left.
You didn't know any spells.
Your spell library contained the following spells:

 Spells                   Type           Power      Damage    Failure   Level
 Apportation              Tloc           0%         N/A       95%         1
 Freeze                   Ice            0%         1d3       95%         1
 Sandblast                Erth           0%         2d4       95%         1
 Passwall                 Tmut/Erth      0%         N/A       99%         2
 Poisonous Vapours        Pois/Air       0%         N/A       99%         2
 Sublimation of Blood     Necr           0%         N/A       99%         2
 Wereblood                Tmut           0%         N/A       99%         2
 Frozen Ramparts          Ice            0%         1d1       100%        3
 Hailstorm                Conj/Ice       0%         3d3       100%        3
 Mephitic Cloud           Conj/Pois/Air  0%         N/A       100%        3
 Stone Arrow              Conj/Erth      0%         3d7       100%        3
 Alistair's Intoxication  Tmut/Pois      0%         N/A       100%        5
 Freezing Cloud           Conj/Ice/Air   0%         6-21      100%        5
 Summon Hydra             Summ           0%         N/A       100%        7


Dungeon Overview and Level Annotations

Branches:
Dungeon (9/15)             Temple (0/1) D:7            Lair (4/5) D:9
 Shoals (0/4) Lair:2       Spider (0/4) Lair:2       Bailey (visited)
Gauntlet (visited)
  Slime: Lair:4-5       Orc: D:9-12

Altars:
Ashenzari
Dithmenos
Fedhas
Hepliaklqana
Nemelex Xobeh
Sif Muna
Xom

Shops:
D:7 =:(   D:8 ?   D:9 [

Annotations:
Lair:4 Rupert


Innate Abilities, Weirdness & Mutations

((You are very nimble when in or above water. (Stealth+, EV+, Speed+++)))
Your lower body shifts to a powerful aquatic tail in water.


Message History

Reach: k) +9 trident (freeze)
Press: ? - help, Dir - move target, f/p - Rupert
Aim: Rupert, wielding a +4 heavy battleaxe and wearing a +0 leather armour (almost dead, berserk, about 22% to evade your +9 trident of freezing)
You hit Rupert. You freeze Rupert.
Rupert is almost dead.
The basilisk gazes at you.
You are slowing down.
Rupert hits you with a +4 heavy battleaxe!!
Unknown command.
Reach: k) +9 trident (freeze)
Press: ? - help, Dir - move target, f/p - Rupert
Aim: Rupert, wielding a +4 heavy battleaxe and wearing a +0 leather armour (almost dead, berserk, about 22% to evade your +9 trident of freezing)
You puncture Rupert! You freeze Rupert.
Rupert is almost dead.
The basilisk bites you!
Rupert hits you with a +4 heavy battleaxe!!
The basilisk gazes at you.
You easily resist.
Your limbs are stiffening.
Reach: k) +9 trident (freeze)
Press: ? - help, Dir - move target, f/p - Rupert
Aim: Rupert, wielding a +4 heavy battleaxe and wearing a +0 leather armour (almost dead, berserk, about 22% to evade your +9 trident of freezing)
You closely miss Rupert.
Rupert is almost dead.
Rupert hits you with a +4 heavy battleaxe!!
You block the basilisk's attack.
You have turned to stone.
Rupert hits you with a +4 heavy battleaxe!!!
* * * LOW HITPOINT WARNING * * *
The basilisk gazes at you.
You easily resist.
Rupert hits you with a +4 heavy battleaxe!!
* * * LOW HITPOINT WARNING * * *
The basilisk gazes at you. Rupert hits you but does no damage.
The basilisk bites you.
* * * LOW HITPOINT WARNING * * *
Rupert hits you with a +4 heavy battleaxe!
* * * LOW HITPOINT WARNING * * *
The basilisk bites you but does no damage.
Rupert hits you with a +4 heavy battleaxe!!
You die...
Your body glows slightly and disappears.

.## #...#####.######
.... ............... .
#.. ##.............
.####.###.#.....##.P# .
...............##.###. #
#.............#...#..
...#.....P.......††..#..
#.........##.....†......
#...@@..##.....##..P..
#..###l.###########...#.
#.#.##P #.....#..#..
......P[.#~~~~~'.....
...........#.....#.....
#...........#######.....
#.......................
#...............##...##.
........#########


You could see Rupert (berserk) and a basilisk.

Vanquished Creatures
  The ghost of Graphine the Swashbuckler, a journeyman MfGl of Gozag (Lair:4)
  2 minotaurs
  The ghost of Kiti Anamang the Thaumaturge, a journeyman GnFE of Vehumet (Lair:3)
  3 hydras
  A two-headed ogre (D:9)
  An orc knight (Bailey)
  The ghost of Graphine the Nimble, a novice MfBr of Dithmenos (D:7)
  An oklob plant (Lair:3)
  A black mamba (Lair:2)
  Joseph (D:7)
  An orange demon (Lair:2)
  An unseen horror (Lair:4)
  6 cane toads
  3 komodo dragons
  2 polar bears
  A hornet (D:7)
  2 trolls
  A tyrant leech (Gauntlet)
  7 dream sheep (Lair:2)
  A blink frog (Lair:4)
  A raiju (Gauntlet)
  A ynoxinul (Gauntlet)
  2 wraiths (Lair:4)
  A wyvern (D:8)
  26 yaks
  A golden eye (Lair:4)
  Grum (D:8)
  6 steam dragons
  Menkaure (D:6)
  A warg (Lair:4)
  4 swamp worms (Gauntlet)
  An acid dragon (Lair:4)
  10 water moccasins
  A sky beast (D:8)
  2 ice beasts (D:7)
  10 orc warriors (Bailey)
  A black bear (D:6)
  A tengu (Lair:4)
  A phantom (D:5)
  13 wolves
  2 centaurs
  4 kobold brigands
  12 bullfrogs
  A gnoll sergeant (D:7)
  3 scorpions
  5 killer bees (D:8)
  2 electric eels
  4 hounds
  4 jellies
  2 orc priests
  2 iron imps (Gauntlet)
  Jessica (D:2)
  A sleepcap (D:5)
  An iguana (D:6)
  An orc wizard (D:4)
  17 gnolls
  9 adders
  A shadow imp (D:6)
  An ufetubus (D:6)
  A worm (D:5)
  2 dart slugs (D:3)
  34 orcs
  6 bats
  6 endoplasms
  A giant cockroach (D:1)
  7 goblins
  6 hobgoblins
  6 jackals
  20 kobolds
  A quokka (D:2)
  6 ball pythons
  3 frilled lizards
  4 rats
299 creatures vanquished.

Vanquished Creatures (collateral kills)
  Josephine (Lair:4)
  Nergalle (Lair:2)
  Amaemon (Lair:2)
  An elephant (Lair:3)
  A cane toad (Lair:1)
  2 wraiths (Lair:4)
  A water moccasin (Lair:3)
  2 wolves (Lair:1)
10 creatures vanquished.

Grand Total: 309 creatures vanquished

Notes
Turn   | Place    | Note
-------+----------+-------------------------------------------
     0 | D:1      | Graphine the Merfolk Fighter began the quest for the Orb.
     0 | D:1      | Reached XP level 1. HP: 18/18 MP: 1/1
   147 | D:1      | Reached skill level 1 in Dodging
   147 | D:1      | Reached XP level 2. HP: 24/24 MP: 2/2
   247 | D:1      | Reached skill level 1 in Invocations
   247 | D:1      | Reached XP level 3. HP: 19/29 MP: 3/3
   614 | D:2      | Noticed a shining eye
   620 | D:2      | Found a faded altar of an unknown god.
   624 | D:2      | Noticed an eye of devastation
   629 | D:2      | Noticed a golden eye
   666 | D:2      | Noticed an eye of devastation
   671 | D:2      | Prayed at the altar of an unknown god.
   671 | D:2      | Became a worshipper of Nemelex Xobeh the Trickster
   671 | D:2      | Reached * piety under Nemelex Xobeh
   997 | D:2      | Received a gift from Nemelex Xobeh
  1131 | D:2      | Reached XP level 4. HP: 37/37 MP: 3/5
  1163 | D:2      | Found a shadowy altar of Dithmenos.
  1214 | D:2      | Reached ** piety under Nemelex Xobeh
  1216 | D:2      | Noticed Jessica
  1222 | D:2      | Killed Jessica
  1901 | D:3      | Reached XP level 5. HP: 42/42 MP: 6/6
  2413 | D:4      | Received a gift from Nemelex Xobeh
  2510 | D:4      | Reached XP level 6. HP: 39/49 MP: 7/7
  2696 | D:4      | Reached skill level 5 in Polearms
  2942 | D:4      | Received a gift from Nemelex Xobeh
  2949 | D:4      | Reached *** piety under Nemelex Xobeh
  3439 | D:5      | Entered Level 5 of the Dungeon
  3439 | D:5      | Noticed a water moccasin
  3450 | D:5      | Killed a water moccasin
  3451 | D:5      | Reached XP level 7. HP: 44/55 MP: 9/9
  3660 | D:5      | Reached skill level 5 in Fighting
  3947 | D:5      | Reached skill level 5 in Dodging
  4294 | D:6      | Reached XP level 8. HP: 55/64 MP: 11/11
  4517 | D:6      | Found a hazy altar of Hepliaklqana.
  4518 | D:6      | Found a shimmering altar of Xom.
  4519 | D:6      | Noticed a spectral ugly thing
  4916 | D:6      | Noticed Menkaure
  4923 | D:6      | Killed Menkaure
  4924 | D:6      | Reached skill level 5 in Invocations
  5220 | D:6      | Found a broken altar of Ashenzari.
  5255 | D:7      | Received a gift from Nemelex Xobeh
  5255 | D:7      | Found a runed translucent gate.
  5256 | D:7      | Found a runed translucent gate.
  5257 | D:7      | Noticed Graphine's ghost (novice MfBr)
  5258 | D:7      | Found a runed translucent gate.
  5274 | D:7      | Killed Graphine's ghost
  5275 | D:7      | Reached XP level 9. HP: 71/72 MP: 11/13
  5310 | D:7      | Found a staircase to the Ecumenical Temple.
  5340 | D:7      | Noticed a hornet
  5347 | D:7      | Killed a hornet
  5543 | D:7      | Found a blossoming altar of Fedhas.
  6104 | D:7      | Found Qiempiki's Book Shop.
  6105 | D:7      | Reached **** piety under Nemelex Xobeh
  6106 | D:7      | Found Suggusi's Antique Weapon Emporium.
  6108 | D:7      | Found Eschihab's Jewellery Shop.
  6291 | D:7      | Noticed Joseph
  6305 | D:7      | Killed Joseph
  6708 | D:8      | Found a flagged portal.
  6723 | Bailey   | Entered a bailey
  6808 | Bailey   | Reached XP level 10. HP: 80/80 MP: 15/15
  6935 | Bailey   | Noticed an orc knight
  7075 | Bailey   | Killed an orc knight
  7100 | Bailey   | Reached skill level 10 in Polearms
  7409 | D:8      | Received a gift from Nemelex Xobeh
  7506 | D:8      | Reached skill level 10 in Dodging
  7635 | D:8      | Found Elafrut's Magic Scroll Boutique.
  7636 | D:8      | Noticed Grum
  7687 | D:8      | Killed Grum
  8224 | D:9      | Found a staircase to the Lair.
  8246 | D:9      | Received a gift from Nemelex Xobeh
  8387 | D:9      | Reached ***** piety under Nemelex Xobeh
  8427 | D:9      | Noticed a two-headed ogre
  8433 | D:9      | Killed a two-headed ogre
  8434 | D:9      | Reached XP level 11. HP: 89/89 MP: 17/17
  8452 | D:9      | Found Katsou Tior's Antique Armour Emporium.
  8593 | D:9      | Found a shimmering blue altar of Sif Muna.
  8788 | Lair:1   | Entered Level 1 of the Lair of Beasts
  8788 | Lair:1   | Received a gift from Nemelex Xobeh
  8803 | Lair:1   | Reached skill level 10 in Fighting
  9183 | Lair:1   | Found a gate leading to a gauntlet.
  9221 | Gauntlet | Entered a Gauntlet
  9221 | Gauntlet | Found a transporter.
  9224 | Gauntlet | Found a transporter.
  9226 | Gauntlet | Found a transporter.
  9250 | Gauntlet | Found a transporter.
  9254 | Gauntlet | Found a runed translucent door.
  9254 | Gauntlet | Found a runed translucent door.
  9314 | Gauntlet | Identified the +3 short sword of Teaxtosk {elec, Contam
                  | rPois Int+6 SInv}
  9341 | Gauntlet | Found a transporter.
  9342 | Gauntlet | Found a transporter.
  9372 | Gauntlet | Found a transporter.
  9409 | Gauntlet | Noticed an orange crystal statue
  9409 | Gauntlet | Found a transporter.
  9410 | Gauntlet | Found a transporter.
  9410 | Gauntlet | Found the amulet of the Air {Inacc Air Fly rElec RMsl}
  9417 | Gauntlet | Noticed an entropy weaver
  9419 | Gauntlet | Noticed a wolf spider
  9421 | Gauntlet | Found a transporter.
  9469 | Gauntlet | Found a transporter.
  9475 | Gauntlet | Identified the ring of Arruff {rPois rF- Int+6 Dex+3}
  9483 | Gauntlet | Noticed a minotaur
  9509 | Gauntlet | Killed a minotaur
  9510 | Gauntlet | Reached skill level 10 in Invocations
  9689 | Gauntlet | Identified the ring of Pride {rPois rC+}
  9780 | Lair:1   | Received a gift from Nemelex Xobeh
  9994 | Lair:1   | Received a gift from Nemelex Xobeh
 10596 | Lair:2   | Noticed Nergalle
 10596 | Lair:2   | Noticed Amaemon
 10608 | Lair:2   | Killed Nergalle
 10609 | Lair:2   | Reached XP level 12. HP: 66/100 MP: 19/19
 10612 | Lair:2   | Killed Amaemon
 10830 | Lair:2   | Found a hole to the Spider Nest.
 10926 | Lair:2   | Noticed a six-headed hydra
 10927 | Lair:2   | Found a staircase to the Shoals.
 10938 | Lair:2   | Killed a six-headed hydra
 11278 | Lair:2   | Received a gift from Nemelex Xobeh
 11755 | Lair:2   | Identified 2 scrolls of acquirement
 11755 | Lair:2   | Acquired a manual of Fire Magic
 11757 | Lair:2   | Acquired the +1 pair of boots of the Slug {Regen+ Str+4}
 11935 | Lair:3   | Noticed Kiti Anamang's ghost (journeyman GnFE)
 11938 | Lair:3   | Noticed a minotaur
 11941 | Lair:3   | Received a gift from Nemelex Xobeh
 11951 | Lair:3   | Found a runed translucent gate.
 11951 | Lair:3   | Found a runed translucent gate.
 11951 | Lair:3   | Found a runed translucent gate.
 11966 | Lair:3   | Killed a minotaur
 11975 | Lair:3   | Killed Kiti Anamang's ghost
 12056 | Lair:3   | Received a gift from Nemelex Xobeh
 12579 | Lair:4   | Noticed a seven-headed hydra
 12593 | Lair:4   | Killed a seven-headed hydra
 12594 | Lair:4   | Reached XP level 13. HP: 108/108 MP: 21/21
 12826 | Lair:4   | Received a gift from Nemelex Xobeh
 12859 | Lair:4   | Noticed Josephine
 12860 | Lair:4   | Identified the +0 trident of the Blind Eye {flame, rElec
                  | Dex+4}
 12864 | Lair:4   | Killed Josephine
 13065 | Lair:4   | Found a runed translucent door.
 13066 | Lair:4   | Noticed Graphine's ghost (journeyman MfGl)
 13083 | Lair:4   | Killed Graphine's ghost
 13148 | Lair:4   | Noticed Rupert
 13166 | Lair:4   | HP: 2/109 [Rupert/+4 heavy battleaxe (8)]
 13167 | Lair:4   | Mangled by Rupert

Illustrated notes

Levels and vault maps discovered:
D:1:      saegor_arrival_simple_a, layout_rooms, hangedman_decor_points
D:2:      layout_basic, basic_altar, hellmonk_ecumenical_altar_watching_god,
          uniq_jessica
D:3:      layout_basic
D:4:      nicolae_BIG_FREAKIN_CUBE, layout_basic, kennysheep_pointless_box
D:5:      layout_layer_cave
D:6:      layout_basic, regret_index_temple_of_mockery, kennysheep_mini_moat,
          grunt_ministairs_4, kennysheep_small_circle, uniq_menkaure
D:7:      layout_loops_corners, mainiacjoe_overflow_24_doors,
          minmay_temple_entry_from_below_a, ebering_ghost_rock_garden,
          nicolae_wooded_promenade, uniq_joseph
D:8:      layout_loops_ring, enter_bailey_6, nicolae_stop_n_shop_2, uniq_grum
D:9:      minmay_weird_star, layout_rooms, nicolae_overflow_crystal_walls,
          lair_entry_dummy, serial_shops, shop
Lair:1:   layout_cellular_growth, gauntlet_entry_generic,
          chequers_serial_rivers_large_b, grunt_megastairs_3
Lair:2:   layout_small_grid, shoals_dummy_entry, spider_nest_entry_webs,
          nicolae_lair_grazing_beasts [nicolae_sub_lair_graze_edge,
          nicolae_sub_lair_graze_edge, nicolae_sub_lair_graze_edge,
          nicolae_sub_lair_graze_edge], lemuel_fruit_tree, uniq_nergalle,
          uniq_amaemon
Lair:3:   wander_river, layout_chaotic_city, maelrawn_ghost_gauntlet_escape,
          serial_bayou_pond_b
Lair:4:   layout_regular_city, ebering_ghost_reflecting_pool,
          infiniplex_staircase_pool_2, uniq_rupert, uniq_josephine

Skill      XL: |  1  2  3  4  5  6  7  8  9 10 11 12 13 |
---------------+----------------------------------------+-----
Polearms       | 3 4 5 6 8 9 11 12 14 | 14.7
Dodging        | 1 2 3 4 5 7 9 10 12 13 14 | 14.5
Invocations    | 1 2 3 4 6 7 8 10 11 12 | 12.2
Fighting       | 4 5 7 8 9 11 12 | 12.7
Armour         | |  2.1
Shields        | |  3.0

Action                     |  1- 3 |  4- 6 |  7- 9 | 10-12 | 13-15 || total
---------------------------+-------+-------+-------+-------+-------++-------
  Melee: Trident           |   111 |   121 |   252 |   507 |   116 ||  1107
         Tailslap          |       |       |       |     4 |       ||     4
  Throw: Dart              |       |       |       |     3 |       ||     3
 Invoke: Draw Escape       |       |     1 |       |       |       ||     1
         Draw Destruction  |       |     1 |     2 |     4 |     1 ||     8
         Triple Draw       |       |       |     1 |       |       ||     1
         Draw Summoning    |       |       |       |     3 |     1 ||     4
    Use: Scroll            |     2 |     9 |     4 |    23 |       ||    38
         Potion            |       |       |       |     8 |       ||     8
   Stab: Distracted        |       |       |     1 |     1 |       ||     2
         Sleeping          |       |       |       |     4 |       ||     4
         Invisible         |       |       |       |     1 |       ||     1
 Armour: Scale mail        |    39 |    33 |    50 |       |       ||   122
         Steam dragon scal |       |       |     6 |    89 |    44 ||   139
  Dodge: Dodged            |    33 |    43 |    92 |   206 |    82 ||   456
         Repelled          |       |     2 |     1 |     3 |       ||     6
  Block: Buckler           |    19 |     9 |    25 |       |       ||    53
         Kite shield       |       |       |    12 |    33 |       ||    45
         Tower shield      |       |       |       |   332 |    92 ||   424
         Reflection        |       |       |       |     8 |       ||     8
